Map: Forteresse de fer EC

Players

AgCl

  • Race: Protoss Protoss
  • League: Grandmaster

deadbolt - Winner!

  • Race: Protoss Protoss
  • League: Grandmaster

VOD

Have the link to the VOD?

Description

Time

  • Played on: May 30, 2015, 9:29 p.m.
  • Length: 5:10
Show
View Real Time Build Order
Export as new Build Order

AgCl Protoss 

Build Orders: Oracle Opening, Oracle Opening 

Get SALT Encoding   

  12  0:02  Probe  
  13  0:20  Pylon  
  14  0:21  Probe  
  14  0:38  Probe  
  15  0:42  Gateway  
  15  0:50  Probe (Chrono Boost)  
  16  1:02  Probe (Chrono Boost), Assimilator  
  17  1:10  Probe (Chrono Boost)  
  18  1:11  Pylon  
  18  1:19  Probe  
  19  1:31  Probe (Chrono Boost)  
  20  1:36  Cybernetics Core  
  20  1:39  Zealot (Chrono Boost)  
  22  1:43  Probe (Chrono Boost)  
  23  1:49  Probe (Chrono Boost)  
  24  2:00  Probe  
  25  2:05  Assimilator  
  25  2:12  Probe  
  26  2:24  Probe, Nexus  
  26  2:26  Stargate  
  27  2:38  Probe (Chrono Boost)  
  28  2:50  Mothership Core (Chrono Boost)  
  28  2:52  Pylon  
  28  2:58  Pylon  
  28  3:00  Pylon  
  28  3:03  Pylon x2  
  28  3:14  Oracle (Chrono Boost)  
  31  3:20  Probe  
  32  3:32  Probe  
  31  3:44  Probe (Chrono Boost)  
  28  3:56  Probe x2 (Chrono Boost)  
  28  3:58  Oracle (Chrono Boost)  
  31  4:05  Probe (Chrono Boost)  
  31  4:06  Probe (Chrono Boost)  
  32  4:12  Probe  
  32  4:13  Probe  
  34  4:17  Gateway  
  34  4:19  Gateway  
  34  4:24  Probe (Chrono Boost)  
  34  4:28  Probe (Chrono Boost)  
  35  4:36  Probe (Chrono Boost), Assimilator  
  37  4:41  Probe (Chrono Boost), Assimilator  
  38  4:47  Probe (Chrono Boost)  
  38  4:49  Probe (Chrono Boost)  
  37  4:54  Probe (Chrono Boost)  
  37  4:55  Probe (Chrono Boost)  
Show
View Real Time Build Order
Export as new Build Order

deadbolt Protoss - Winner!

Build Orders:  

Get SALT Encoding   

  12  0:01  Probe  
  13  0:13  Probe  
  14  0:19  Pylon  
  14  0:37  Probe (Chrono Boost)  
  14  0:41  Gateway  
  15  0:49  Probe (Chrono Boost), Assimilator  
  16  0:54  Assimilator  
  16  0:56  Probe (Chrono Boost)  
  17  1:06  Probe  
  18  1:17  Pylon  
  18  1:18  Probe (Chrono Boost)  
  18  1:19  Gateway  
  19  1:30  Probe (Chrono Boost)  
  20  1:35  Cybernetics Core  
  20  1:37  Probe  
  21  1:50  Probe  
  22  2:13  Adept x2, Pylon  
  22  2:14  Warp Gate (Chrono Boost)  
  22  2:15  Mothership Core  
  28  2:27  Gateway  
  28  2:33  Gateway  
  28  2:51  Adept  
  28  2:52  Adept  
  28  2:56  Probe  
  33  3:11  Pylon  
  33  3:48  Pylon  
  29  4:19  Pylon  
  27  4:26  Stargate  
  27  4:29  Adept, Stargate  
  27  4:30  Nexus  
  27  4:34  Adept  
  29  4:42  Nexus  
  29  4:52  Stalker x2  
Tags
 
Add a new tag
Caveats
  • Supply blocks, unpowered buildings, or Contaminate may cause inaccurate times.
  • Supply counts are checked every 10 seconds.